Flames vs Jets

Created - December 5, 2020 at 20:07

Goals
1 2 3 T
Flames 2 2 2 6
Jets 1 1 3 5
Shots
1 2 3 T
Flames 6 12 9 27
Jets 8 3 14 25

1st period

1. Flames , Alexander Radulov 7 (Patrik Berglund 9, Alexander Semin 18) at 15:39
2. Jets , Ryan Johansen 9 (Nino Niederreiter 10) at 16:16
3. Flames , Erik Johnson 2 (Alexander Radulov 13) at 17:33

Penalties :
Patrik Berglund (Cal) for Close Hand On Puck (Minor) at 10:08

2nd period

4. Flames , Steve Regier 4 (Kyle Palmieri 4, David Backes 9) at 6:45
5. Flames , Brad Marchand 5 (David Backes 10, Eric Staal 13) at 8:56
6. Jets , Robert Hagg 1 (Nino Niederreiter 11, Ryan Johansen 23) at 11:02

Penalties :
Brad Marchand (Cal) for Tripping (Minor) at 4:33, David Backes (Cal) for Hooking (Minor) at 15:11

3rd period

7. Flames , Patrik Berglund 8 (Erik Johnson 10, Sami Vatanen 11) at 12:36 (PP)
8. Jets , Ryan Johansen 10 (Marcus Johansson 10, Nino Niederreiter 12) at 12:42
9. Jets , Ryan Johansen 11 (Adam Henrique 11, Nino Niederreiter 13) at 15:22 (PP)
10. Flames , Eric Staal 14 (David Ullstrom 5) at 19:03 (PP)
11. Jets , Nino Niederreiter 11 (Marco Scandella 9, Tyler Myers 11) at 19:51

Penalties :
Jacob Trouba (Win) for High sticking (Minor) at 0:59, Derek Stepan (Win) for Delaying the game (Minor) at 4:52, Eric Staal (Cal) for Elbowing (Minor) at 8:44, Derek Stepan (Win) for Slashing (Minor) at 11:42, David Ullstrom (Cal) for Slashing (Minor) at 13:56, Vladimir Sobotka (Cal) for Holding (Minor) at 14:19, Kevin Hayes (Win) for Tripping (Minor) at 18:07

Goalie Stats

Henrik Lundqvist (Cal), 20 saves from 25 shots - (0.800), W, 11-2-2, 60:00 minutes
Jonathan Bernier (Win), 10 saves from 12 shots - (0.833), L, 2-8-1, 31:04 minutes
Kari Lehtonen (Win), 11 saves from 15 shots - (0.733), 28:56 minutes

Players Stats for Flames

Player Name              G  A  P  +/- PIM S  H  SB GA TA FO     MP     PP MP  PK MP  
------------------------------------------------------------------------------------
Alexander Radulov        1  1  2   0  0   8  2  0  0  0  0/0    15:07   2:52   0:00 
Alexander Semin          0  1  1   0  0   3  0  0  1  1  0/1    19:55   2:39   4:41 
Anders Lee               0  0  0   1  0   0  0  0  0  0  2/3     8:59   0:00   1:02 
Brad Marchand            1  0  1  -1  2   5  2  0  0  0  2/4    19:39   2:52   2:52 
Brendan Mikkelson        0  0  0   2  0   0  1  1  0  1  0/0    12:15   0:00   0:00 
Christian Folin          0  0  0   2  0   0  1  0  0  1  0/0    12:15   0:00   0:00 
Colby Robak              0  0  0   0  0   0  1  4  0  0  0/0    21:06   2:14   4:04 
David Backes             0  2  2  -1  2   1  2  0  0  1  1/1    17:22   0:04   3:25 
David Ullstrom           0  1  1   0  2   0  1  1  0  0  1/2    10:07   0:33   0:00 
Derek Meech              0  0  0   0  0   0  1  1  0  4  0/0    21:06   2:14   4:04 
Eric Staal               1  1  2  -1  2   2  1  0  1  0  20/29  17:11   2:56   0:29 
Erik Johnson             1  1  2  -2  0   1  0  1  1  2  0/0    26:39   3:34   6:14 
Jimmy Hayes              0  0  0   0  0   2  1  0  0  0  0/0    12:20   2:52   0:00 
Kyle Palmieri            0  1  1   1  0   2  1  1  0  0  0/0     7:57   0:00   0:00 
Patrik Berglund          1  1  2   0  2   1  1  0  1  0  7/12   17:56   2:22   3:17 
Sami Vatanen             0  1  1  -2  0   0  1  2  1  2  0/0    26:39   3:34   6:14 
Steve Regier             1  0  1   1  0   2  0  1  0  0  0/0     8:17   0:00   0:16 
Vladimir Sobotka         0  0  0   0  2   0  4  0  0  2  3/9    13:43   0:14   3:30 

Players Stats for Jets

Player Name              G  A  P  +/- PIM S  H  SB GA TA FO     MP     PP MP  PK MP  
------------------------------------------------------------------------------------
Adam Henrique            0  1  1   0  0   1  2  0  0  0  3/4    18:45   5:58   0:00 
Bobby Ryan               0  0  0   0  0   0  0  1  0  0  0/1    14:43   0:37   0:00 
Derek Stepan             0  0  0   0  4   0  1  0  3  0  5/18   17:14   4:20   0:00 
Erik Haula               0  0  0  -1  0   1  1  1  0  0  0/1    14:58   0:35   1:57 
Jaccob Slavin            0  0  0  -2  0   0  0  0  1  1  0/0    14:57   3:56   0:59 
Jacob Trouba             0  0  0   0  2   1  1  1  0  2  0/0    18:45   0:00   2:34 
Jared Spurgeon           0  0  0  -1  0   1  0  2  2  0  0/0    18:19   3:56   0:01 
Kevin Hayes              0  0  0  -1  2   1  3  0  0  0  0/0    15:19   4:20   0:00 
Marco Scandella          0  1  1   2  0   2  3  3  0  1  0/0    26:21   6:22   1:54 
Marcus Johansson         0  1  1   2  0   0  1  0  1  0  0/0    15:38   3:45   0:07 
Nino Niederreiter        1  4  5   2  0   5  3  0  4  0  0/2    18:56   5:21   1:38 
Noel Acciari             0  0  0  -1  0   3  1  0  1  0  4/8    10:57   0:34   3:31 
Robert Hagg              1  0  1  -1  0   1  0  1  0  0  0/0    12:31   0:00   3:53 
Ronalds Kenins           0  0  0  -1  0   1  0  0  0  0  0/0    10:39   0:00   3:44 
Ryan Johansen            3  1  4   2  0   4  5  0  0  0  10/20  17:43   5:24   0:39 
Ryan Strome              0  0  0  -1  0   0  1  0  0  0  0/0     6:51   0:00   0:00 
Sam Gagner               0  0  0  -1  0   3  0  0  1  0  3/7    12:21   0:00   0:00 
Tyler Myers              0  1  1   2  0   1  1  2  1  1  0/0    29:11   6:22   2:15 

3 Stars

1 - Ryan Johansen (Win)
2 - Nino Niederreiter (Win)
3 - Alexander Radulov (Cal)

Power Play

Flames - 2 on 4 Attempt(s) - 50.00%
Jets - 1 on 6 Attempt(s) - 16.67%

Penalty Kill

Flames - 5 on 6 Attempt(s) - 83.33% - Score 0 goal in Penalty Kill
Jets - 2 on 4 Attempt(s) - 50.00% - Score 0 goal in Penalty Kill

Team Stat

Flames - Hits : 20 - Faceoff Wins : 36 - Blocked Shots : 12 - Penalty Minutes : 12
Jets - Hits : 23 - Faceoff Wins : 25 - Blocked Shots : 11 - Penalty Minutes : 8

Official

Referees : Unknown
Linesman : Unknown

Game Notes

Jonathan Bernier enters game at 8:56 of 2nd period
Ryan Johansen has scored a Hat Trick!

Finance

Level 1 -- Attendance: 5727 (95.45%) -- Ticket Income $601,335
Level 2 -- Attendance: 5000 (100.00%) -- Ticket Income $325,000
Level 3 -- Attendance: 2000 (100.00%) -- Ticket Income $84,000
Level 4 -- Attendance: 4000 (100.00%) -- Ticket Income $96,000
Luxury Box -- Attendance: 1000 (100.00%) -- Ticket Income $182,000
Game was played at the MTS Center.
Total Attendance: 17727 (98.48%)
Total Ticket Income: $1,288,335
Other Income: $193,250
Total Income: $1,481,585

Flames

5 vs 5 Forward 
   Center                   Left Wing                Right Wing               Time % Phy DF OF 
 1 Eric Staal               Brad Marchand            David Backes             40     1   2  2  
 2 Patrik Berglund          Alexander Semin          Alexander Radulov        33     1   2  2  
 3 Vladimir Sobotka         David Ullstrom           Jimmy Hayes              19     1   2  2  
 4 Anders Lee               Steve Regier             Kyle Palmieri            8      1   2  2  

5 vs 5 Defense 
   Defense                  Defense                                           Time % Phy DF OF 
 1 Erik Johnson             Sami Vatanen                                      38     1   2  2  
 2 Derek Meech              Colby Robak                                       29     2   2  1  
 3 Christian Folin          Brendan Mikkelson                                 23     2   2  1  
 4 Derek Meech              Colby Robak                                       10     2   2  1  

PowerPlay Forward 
   Center                   Left Wing                Right Wing               Time % Phy DF OF 
 1 Eric Staal               Alexander Semin          Alexander Radulov        60     1   2  2  
 2 Patrik Berglund          Brad Marchand            Jimmy Hayes              40     1   2  2  

PowerPlay Defense
   Defense                  Defense                                           Time % Phy DF OF 
 1 Erik Johnson             Sami Vatanen                                      60     1   2  2  
 2 Derek Meech              Colby Robak                                       40     1   2  2  

Penalty Kill 4 Players Forward 
   Center                   Wing                     Time % Phy DF OF 
 1 Patrik Berglund          David Backes             50     1   3  1  
 2 Vladimir Sobotka         Alexander Semin          50     1   3  1  

Penalty Kill 4 Players Defense
   Defense                  Defense                  Time % Phy DF OF 
 1 Erik Johnson             Sami Vatanen             58     1   3  1  
 2 Derek Meech              Colby Robak              42     1   3  1  

Penalty Kill - 3 Players Forward 
   Forward                                           Time % Phy DF OF 
 1 Eric Staal                                        50     1   4  0  
 2 Brad Marchand                                     50     1   4  0  

Penalty Kill - 3 Players Defense
   Defense                  Defense                  Time % Phy DF OF 
 1 Erik Johnson             Sami Vatanen             58     1   4  0  
 2 Derek Meech              Colby Robak              42     1   4  0  

4 vs 4 Forward 
   Center                   Wing                     Time % Phy DF OF 
 1 Eric Staal               Alexander Semin          60     2   2  1  
 2 Patrik Berglund          Brad Marchand            40     2   2  1  

4 vs 4 Defense
   Defense                  Defense                  Time % Phy DF OF 
 1 Erik Johnson             Sami Vatanen             60     2   2  1  
 2 Derek Meech              Colby Robak              40     2   2  1  

Last Minutes Offensive
   Center                   Left Wing                Right Wing               Defense                  Defense                  
   Eric Staal               Alexander Semin          David Backes             Erik Johnson             Sami Vatanen             

Last Minutes Defensive
   Center                   Left Wing                Right Wing               Defense                  Defense                  
   Eric Staal               Alexander Semin          David Backes             Erik Johnson             Sami Vatanen             

Goaltenders
Starting : Henrik Lundqvist         
Backup : Christopher Gibson       

Extra Forwards
Normal : Brad Marchand, Alexander Semin, David Ullstrom - PP : David Ullstrom, Vladimir Sobotka - PK : Brad Marchand
Extra Defensemen
Normal : Sami Vatanen, Derek Meech, Colby Robak - PP : Derek Meech - PK : Brendan Mikkelson, Christian Folin
Penalty Shots
Eric Staal, Alexander Semin, David Backes, Brad Marchand, Patrik Berglund

Scratches
Colin Wilson (Sprained Left Ankle Injury)

Jets

5 vs 5 Forward 
   Center                   Left Wing                Right Wing               Time % Phy DF OF 
 1 Derek Stepan             Adam Henrique            Bobby Ryan               36     1   2  2  
 2 Ryan Johansen            Marcus Johansson         Nino Niederreiter        34     1   2  2  
 3 Sam Gagner               Erik Haula               Kevin Hayes              22     1   2  2  
 4 Noel Acciari             Ronalds Kenins           Ryan Strome              8      1   2  2  

5 vs 5 Defense 
   Defense                  Defense                                           Time % Phy DF OF 
 1 Marco Scandella          Tyler Myers                                       40     1   2  2  
 2 Jacob Trouba             Jared Spurgeon                                    30     1   2  2  
 3 Jaccob Slavin            Robert Hagg                                       20     0   3  2  
 4 Jacob Trouba             Tyler Myers                                       10     2   2  1  

PowerPlay Forward 
   Center                   Left Wing                Right Wing               Time % Phy DF OF 
 1 Ryan Johansen            Adam Henrique            Nino Niederreiter        55     1   2  2  
 2 Derek Stepan             Marcus Johansson         Kevin Hayes              45     1   2  2  

PowerPlay Defense
   Defense                  Defense                                           Time % Phy DF OF 
 1 Tyler Myers              Marco Scandella                                   60     1   2  2  
 2 Jaccob Slavin            Jared Spurgeon                                    40     1   2  2  

Penalty Kill 4 Players Forward 
   Center                   Wing                     Time % Phy DF OF 
 1 Noel Acciari             Ronalds Kenins           60     1   2  2  
 2 Erik Haula               Nino Niederreiter        40     1   2  2  

Penalty Kill 4 Players Defense
   Defense                  Defense                  Time % Phy DF OF 
 1 Jacob Trouba             Robert Hagg              60     1   2  2  
 2 Tyler Myers              Marco Scandella          40     1   2  2  

Penalty Kill - 3 Players Forward 
   Forward                                           Time % Phy DF OF 
 1 Erik Haula                                        60     1   2  2  
 2 Nino Niederreiter                                 40     1   2  2  

Penalty Kill - 3 Players Defense
   Defense                  Defense                  Time % Phy DF OF 
 1 Tyler Myers              Jacob Trouba             60     1   2  2  
 2 Marco Scandella          Robert Hagg              40     1   2  2  

4 vs 4 Forward 
   Center                   Wing                     Time % Phy DF OF 
 1 Ryan Johansen            Adam Henrique            60     1   2  2  
 2 Derek Stepan             Nino Niederreiter        40     1   2  2  

4 vs 4 Defense
   Defense                  Defense                  Time % Phy DF OF 
 1 Marco Scandella          Jacob Trouba             60     1   2  2  
 2 Tyler Myers              Jaccob Slavin            40     1   2  2  

Last Minutes Offensive
   Center                   Left Wing                Right Wing               Defense                  Defense                  
   Derek Stepan             Adam Henrique            Nino Niederreiter        Marco Scandella          Tyler Myers              

Last Minutes Defensive
   Center                   Left Wing                Right Wing               Defense                  Defense                  
   Ryan Johansen            Erik Haula               Nino Niederreiter        Marco Scandella          Tyler Myers              

Goaltenders
Starting : Kari Lehtonen            
Backup : Jonathan Bernier         

Extra Forwards
Normal : Nino Niederreiter, Derek Stepan, Adam Henrique - PP : Nino Niederreiter, Derek Stepan - PK : Nino Niederreiter
Extra Defensemen
Normal : Tyler Myers, Marco Scandella, Jacob Trouba - PP : Tyler Myers - PK : Tyler Myers, Marco Scandella
Penalty Shots
Nino Niederreiter, Derek Stepan, Adam Henrique, Ryan Johansen, Erik Haula

Scratches
None


% Time on Ice - Flames

Lines # - Real PCT - Wanted PCT - Time Play
Normal Forward
1 - 31% - 40% - 13:44
2 - 29% - 33% - 12:30
3 - 22% - 19% - 9:35
4 - 18% - 8% - 7:57
Normal Defense
1 - 38% - 38% - 16:43
2 - 28% - 29% - 12:24
3 - 28% - 23% - 12:15
4 - 5% - 10% - 2:24
PP Forward
1 - 51% - 60% - 2:56
2 - 49% - 40% - 2:52
PP Defense
1 - 61% - 60% - 3:34
2 - 39% - 40% - 2:14
PK Forward
1 - 54% - 50% - 4:59
2 - 46% - 50% - 4:16
PK Defense
1 - 56% - 58% - 5:11
2 - 44% - 42% - 4:04
PK3 Forward
1 - 38% - 50% - 0:24
2 - 62% - 50% - 0:39
PK3 Defense
1 - 100% - 58% - 1:03
2 - 0% - 42% - 0:00
44 Forward
1 - 0% - 60%
2 - 0% - 40%
44 Defense
1 - 0% - 60%
2 - 0% - 40%
Last Minute Offensive  - 0:00
Last Minute Defensive  - 0:08
Total
Forward - 60:00
Defense - 60:00

% Time on Ice - Jets

Lines # - Real PCT - Wanted PCT - Time Play
Normal Forward
1 - 29% - 36% - 12:48
2 - 27% - 34% - 11:46
3 - 28% - 22% - 12:21
4 - 16% - 8% - 6:51
Normal Defense
1 - 41% - 40% - 18:06
2 - 33% - 30% - 14:17
3 - 20% - 20% - 8:34
4 - 6% - 10% - 2:49
PP Forward
1 - 58% - 55% - 5:58
2 - 42% - 45% - 4:20
PP Defense
1 - 62% - 60% - 6:22
2 - 38% - 40% - 3:56
PK Forward
1 - 85% - 60% - 4:57
2 - 15% - 40% - 0:51
PK Defense
1 - 78% - 60% - 4:33
2 - 22% - 40% - 1:15
PK3 Forward
1 - 0% - 60%
2 - 0% - 40%
PK3 Defense
1 - 0% - 60%
2 - 0% - 40%
44 Forward
1 - 0% - 60%
2 - 0% - 40%
44 Defense
1 - 0% - 60%
2 - 0% - 40%
Last Minute Offensive  - 0:08
Last Minute Defensive  - 0:00
Total
Forward - 60:00
Defense - 60:00

Play-by-Play

1st period


0:01 of 1st period - Eric Staal wins face-off versus Derek Stepan in neutral zone.
0:37 of 1st period - Snap shot by Eric Staal.
0:37 of 1st period - Shot Misses the Net.
1:11 of 1st period - Slapshot by Brad Marchand.
1:11 of 1st period - Shot Blocked by Bobby Ryan.
1:13 of 1st period - Snap shot by Sami Vatanen.
1:13 of 1st period - Shot Blocked by Tyler Myers.
1:15 of 1st period - Slapshot by Erik Johnson.
1:15 of 1st period - Shot Blocked by Marco Scandella.
1:51 of 1st period - Slapshot by Eric Staal.
1:51 of 1st period - Shot Misses the Net.
1:53 of 1st period - Slapshot by Eric Staal.
1:53 of 1st period - Stopped by Kari Lehtonen without a rebound.
1:54 of 1st period - Ryan Johansen wins face-off versus Patrik Berglund in Jets zone.
3:25 of 1st period - Brendan Mikkelson is hit by Kevin Hayes and loses puck.
3:55 of 1st period - Jimmy Hayes is hit by Ryan Strome and loses puck.
4:06 of 1st period - Wrist shot by Noel Acciari.
4:06 of 1st period - Stopped by Henrik Lundqvist with a rebound.
4:08 of 1st period - Wrist shot by Noel Acciari.
4:08 of 1st period - Stopped by Henrik Lundqvist with a rebound.
4:16 of 1st period - Slapshot by Noel Acciari.
4:16 of 1st period - Stopped by Henrik Lundqvist without a rebound.
4:17 of 1st period - Patrik Berglund wins face-off versus Nino Niederreiter in Flames zone.
6:30 of 1st period - Adam Henrique is hit by Derek Meech and loses puck.
7:26 of 1st period - Robert Hagg is hit by Christian Folin and loses puck.
8:13 of 1st period - Patrik Berglund is hit by Kevin Hayes.
8:17 of 1st period - Jacob Trouba is hit by Alexander Radulov and loses puck.
8:30 of 1st period - Snap shot by Jimmy Hayes.
8:30 of 1st period - Shot Misses the Net.
8:32 of 1st period - Snap shot by Christian Folin.
8:32 of 1st period - Deflect By David Ullstrom.
8:32 of 1st period - Shot Blocked by Marco Scandella.
8:32 of 1st period - Puck is out of play.
8:33 of 1st period - Vladimir Sobotka wins face-off versus Ryan Johansen in Jets zone.
8:34 of 1st period - Snap shot by David Ullstrom.
8:34 of 1st period - Shot Misses the Net.
8:46 of 1st period - Ryan Johansen is hit by Jimmy Hayes and loses puck.
8:55 of 1st period - Vladimir Sobotka is hit by Ryan Johansen and loses puck.
9:22 of 1st period - Snap shot by Nino Niederreiter.
9:22 of 1st period - Stopped by Henrik Lundqvist with a rebound.
9:36 of 1st period - David Ullstrom is hit by Ryan Johansen and loses puck.
10:03 of 1st period - Slapshot by Marcus Johansson.
10:03 of 1st period - Shot Blocked by David Ullstrom.
10:05 of 1st period - Snap shot by Nino Niederreiter.
10:05 of 1st period - Stopped by Henrik Lundqvist without a rebound.
10:06 of 1st period - Patrik Berglund wins face-off versus Derek Stepan in Flames zone.
10:08 of 1st period - Minor Penalty to Patrik Berglund for Close Hand On Puck.
10:09 of 1st period - Brad Marchand wins face-off versus Erik Haula in Flames zone.
11:43 of 1st period - Erik Johnson is hit by Nino Niederreiter and loses puck.
12:08 of 1st period - Penalty to Patrik Berglund is over, Patrik Berglund is back on ice.
12:12 of 1st period - Icing by Derek Meech.
12:13 of 1st period - Patrik Berglund wins face-off versus Noel Acciari in Flames zone.
12:18 of 1st period - Brendan Mikkelson is hit by Noel Acciari and loses puck.
12:41 of 1st period - Sam Gagner is hit by David Backes and loses puck.
13:40 of 1st period - Snap shot by Erik Haula.
13:40 of 1st period - Stopped by Henrik Lundqvist without a rebound.
13:41 of 1st period - Eric Staal wins face-off versus Sam Gagner in Flames zone.
14:04 of 1st period - Derek Stepan is hit by Patrik Berglund and loses puck.
14:37 of 1st period - Snap shot by Nino Niederreiter.
14:37 of 1st period - Shot Blocked by Brendan Mikkelson.
14:39 of 1st period - Slapshot by Marco Scandella.
14:39 of 1st period - Shot Blocked by Kyle Palmieri.
15:19 of 1st period - Icing by Colby Robak.
15:20 of 1st period - Sam Gagner wins face-off versus Patrik Berglund in Flames zone.
15:23 of 1st period - Slapshot by Sam Gagner.
15:23 of 1st period - Shot Blocked by Colby Robak.
15:29 of 1st period - Slapshot by Sam Gagner.
15:29 of 1st period - Shot Misses the Net.
15:37 of 1st period - Snap shot by Patrik Berglund.
15:37 of 1st period - Shot Misses the Net.
15:39 of 1st period - Slapshot by Alexander Radulov.
15:39 of 1st period - Goal by Alexander Radulov - Flames : 1 - Jets : 0.
15:40 of 1st period - Eric Staal wins face-off versus Derek Stepan in neutral zone.
15:51 of 1st period - Snap shot by Eric Staal.
15:51 of 1st period - Shot Misses the Net.
15:53 of 1st period - Snap shot by Eric Staal.
15:53 of 1st period - Shot Blocked by Tyler Myers.
16:14 of 1st period - Wrist shot by Ryan Johansen.
16:14 of 1st period - Shot Misses the Net.
16:16 of 1st period - Snap shot by Ryan Johansen.
16:16 of 1st period - Goal by Ryan Johansen - Flames : 1 - Jets : 1.
16:17 of 1st period - Eric Staal wins face-off versus Bobby Ryan in neutral zone.
16:24 of 1st period - Wrist shot by Brad Marchand.
16:24 of 1st period - Deflect By Eric Staal.
16:24 of 1st period - Shot Blocked by Jacob Trouba.
16:24 of 1st period - Puck is out of play.
16:25 of 1st period - Eric Staal wins face-off versus Derek Stepan in Jets zone.
16:26 of 1st period - Slapshot by Brad Marchand.
16:26 of 1st period - Shot Hit the Post.
17:03 of 1st period - Wrist shot by Eric Staal.
17:03 of 1st period - Shot Misses the Net.
17:12 of 1st period - Off-side.
17:13 of 1st period - Ryan Johansen wins face-off versus Patrik Berglund in neutral zone.
17:18 of 1st period - Snap shot by Nino Niederreiter.
17:18 of 1st period - Stopped by Henrik Lundqvist without a rebound.
17:19 of 1st period - Patrik Berglund wins face-off versus Nino Niederreiter in Flames zone.
17:19 of 1st period - Patrik Berglund is hit by Ryan Johansen.
17:31 of 1st period - Snap shot by Alexander Radulov.
17:31 of 1st period - Stopped by Kari Lehtonen with a rebound.
17:33 of 1st period - Wrist shot by Erik Johnson.
17:33 of 1st period - Goal by Erik Johnson - Flames : 2 - Jets : 1.
17:34 of 1st period - David Backes wins face-off versus Derek Stepan in neutral zone.
18:03 of 1st period - Backhand shot by Alexander Semin.
18:03 of 1st period - Stopped by Kari Lehtonen with a rebound.
18:11 of 1st period - Tyler Myers is hit by Sami Vatanen and loses puck.
19:34 of 1st period - Snap shot by Alexander Semin.
19:34 of 1st period - Shot Misses the Net.
19:58 of 1st period - Snap shot by Kyle Palmieri.
19:58 of 1st period - Stopped by Kari Lehtonen with a rebound.
Goals for this period are 2 for Flames vs 1 for Jets.
Shots for this period are 6 for Flames vs 8 for Jets.

2nd period


0:01 of 2nd period - Eric Staal wins face-off versus Adam Henrique in neutral zone.
0:04 of 2nd period - Bobby Ryan is hit by Eric Staal and loses puck.
1:22 of 2nd period - Wrist shot by Steve Regier.
1:22 of 2nd period - Stopped by Kari Lehtonen without a rebound.
1:23 of 2nd period - Eric Staal wins face-off versus Derek Stepan in Jets zone.
1:34 of 2nd period - Snap shot by Brad Marchand.
1:34 of 2nd period - Stopped by Kari Lehtonen without a rebound.
1:35 of 2nd period - Ryan Johansen wins face-off versus Alexander Semin in Jets zone.
1:40 of 2nd period - Snap shot by Patrik Berglund.
1:40 of 2nd period - Deflect By Alexander Radulov.
1:40 of 2nd period - Stopped by Kari Lehtonen with a rebound.
1:52 of 2nd period - Snap shot by Alexander Radulov.
1:52 of 2nd period - Stopped by Kari Lehtonen without a rebound.
1:53 of 2nd period - Derek Stepan wins face-off versus Eric Staal in Jets zone.
2:02 of 2nd period - Slapshot by Adam Henrique.
2:02 of 2nd period - Shot Blocked by Colby Robak.
2:56 of 2nd period - Sami Vatanen is hit by Marco Scandella and loses puck.
3:13 of 2nd period - Snap shot by Erik Johnson.
3:13 of 2nd period - Shot Blocked by Jared Spurgeon.
4:01 of 2nd period - Slapshot by Erik Haula.
4:01 of 2nd period - Deflect By Sam Gagner.
4:01 of 2nd period - Shot Misses the Net.
4:01 of 2nd period - Puck is out of play.
4:02 of 2nd period - Sam Gagner wins face-off versus Patrik Berglund in Flames zone.
4:11 of 2nd period - Snap shot by Alexander Radulov.
4:11 of 2nd period - Shot Blocked by Robert Hagg.
4:19 of 2nd period - Wrist shot by Alexander Radulov.
4:19 of 2nd period - Stopped by Kari Lehtonen without a rebound.
4:20 of 2nd period - Eric Staal wins face-off versus Ryan Johansen in Jets zone.
4:30 of 2nd period - Icing by Nino Niederreiter.
4:31 of 2nd period - Eric Staal wins face-off versus Ryan Johansen in Jets zone.
4:33 of 2nd period - Minor Penalty to Brad Marchand for Tripping.
4:34 of 2nd period - Ryan Johansen wins face-off versus Vladimir Sobotka in Flames zone.
4:46 of 2nd period - Patrik Berglund is hit by Adam Henrique and loses puck.
6:33 of 2nd period - Penalty to Brad Marchand is over, Brad Marchand is back on ice.
6:45 of 2nd period - Wrist shot by Steve Regier.
6:45 of 2nd period - Deflect By Noel Acciari.
6:45 of 2nd period - Goal by Steve Regier - Flames : 3 - Jets : 1.
6:46 of 2nd period - Eric Staal wins face-off versus Derek Stepan in neutral zone.
7:13 of 2nd period - Marcus Johansson is hit by Vladimir Sobotka and loses puck.
7:26 of 2nd period - Slapshot by Ryan Johansen.
7:26 of 2nd period - Shot Misses the Net.
7:59 of 2nd period - Marco Scandella is hit by Colby Robak and loses puck.
8:44 of 2nd period - Snap shot by David Ullstrom.
8:44 of 2nd period - Deflect By Jimmy Hayes.
8:44 of 2nd period - Stopped by Kari Lehtonen without a rebound.
8:45 of 2nd period - Eric Staal wins face-off versus Ryan Johansen in Jets zone.
8:50 of 2nd period - Snap shot by Brad Marchand.
8:50 of 2nd period - Stopped by Kari Lehtonen without a rebound.
8:51 of 2nd period - Eric Staal wins face-off versus Ryan Johansen in Jets zone.
8:56 of 2nd period - Snap shot by Brad Marchand.
8:56 of 2nd period - Goal by Brad Marchand - Flames : 4 - Jets : 1.
8:56 of 2nd period - Jonathan Bernier enters game.
8:57 of 2nd period - Derek Stepan wins face-off versus Patrik Berglund in neutral zone.
9:24 of 2nd period - Ryan Johansen is hit by Brad Marchand and loses puck.
9:47 of 2nd period - Jimmy Hayes is hit by Marco Scandella.
10:34 of 2nd period - Wrist shot by Alexander Radulov.
10:34 of 2nd period - Stopped by Jonathan Bernier with a rebound.
11:00 of 2nd period - Snap shot by Nino Niederreiter.
11:00 of 2nd period - Shot Misses the Net.
11:02 of 2nd period - Slapshot by Robert Hagg.
11:02 of 2nd period - Goal by Robert Hagg - Flames : 4 - Jets : 2.
11:03 of 2nd period - Eric Staal wins face-off versus Derek Stepan in neutral zone.
12:03 of 2nd period - Erik Haula is hit by Brendan Mikkelson and loses puck.
12:27 of 2nd period - Slapshot by Christian Folin.
12:27 of 2nd period - Shot Blocked by Erik Haula.
12:35 of 2nd period - Snap shot by Erik Haula.
12:35 of 2nd period - Deflect By Kevin Hayes.
12:35 of 2nd period - Stopped by Henrik Lundqvist without a rebound.
12:36 of 2nd period - Patrik Berglund wins face-off versus Ryan Johansen in Flames zone.
12:45 of 2nd period - Slapshot by Nino Niederreiter.
12:45 of 2nd period - Shot Misses the Net.
13:07 of 2nd period - Off-side.
13:08 of 2nd period - Adam Henrique wins face-off versus Vladimir Sobotka in neutral zone.
13:26 of 2nd period - Vladimir Sobotka is hit by Derek Stepan and loses puck.
13:48 of 2nd period - Alexander Semin is hit by Ryan Johansen and loses puck.
14:12 of 2nd period - Wrist shot by Kyle Palmieri.
14:12 of 2nd period - Stopped by Jonathan Bernier without a rebound.
14:13 of 2nd period - Derek Stepan wins face-off versus Vladimir Sobotka in Jets zone.
14:45 of 2nd period - Robert Hagg is hit by Alexander Radulov and loses puck.
14:50 of 2nd period - Snap shot by Alexander Semin.
14:50 of 2nd period - Shot Misses the Net.
14:52 of 2nd period - Snap shot by Alexander Semin.
14:52 of 2nd period - Shot Misses the Net.
14:54 of 2nd period - Snap shot by Alexander Semin.
14:54 of 2nd period - Stopped by Jonathan Bernier with a rebound.
15:11 of 2nd period - Minor Penalty to David Backes for Hooking.
15:12 of 2nd period - Adam Henrique wins face-off versus Vladimir Sobotka in Flames zone.
15:38 of 2nd period - Marco Scandella is hit by Vladimir Sobotka and loses puck.
15:47 of 2nd period - Marcus Johansson is hit by Vladimir Sobotka and loses puck.
16:02 of 2nd period - Brad Marchand is hit by Adam Henrique.
17:11 of 2nd period - Penalty to David Backes is over, David Backes is back on ice.
17:36 of 2nd period - Vladimir Sobotka is hit by Erik Haula and loses puck.
18:07 of 2nd period - Icing by Erik Haula.
18:08 of 2nd period - Eric Staal wins face-off versus Sam Gagner in Jets zone.
18:54 of 2nd period - Snap shot by Kyle Palmieri.
18:54 of 2nd period - Shot Misses the Net.
19:19 of 2nd period - Snap shot by Steve Regier.
19:19 of 2nd period - Deflect By Anders Lee.
19:19 of 2nd period - Shot Misses the Net.
19:19 of 2nd period - Puck is out of play.
19:20 of 2nd period - Ryan Johansen wins face-off versus Eric Staal in Jets zone.
19:27 of 2nd period - Brad Marchand is hit by Marco Scandella and loses puck.
19:52 of 2nd period - Snap shot by Ronalds Kenins.
19:52 of 2nd period - Shot Misses the Net.
19:56 of 2nd period - Wrist shot by Ronalds Kenins.
19:56 of 2nd period - Stopped by Henrik Lundqvist with a rebound.
Goals for this period are 2 for Flames vs 1 for Jets.
Shots for this period are 12 for Flames vs 3 for Jets.

3rd period


0:01 of 3rd period - Eric Staal wins face-off versus Derek Stepan in neutral zone.
0:59 of 3rd period - Minor Penalty to Jacob Trouba for High sticking.
1:00 of 3rd period - Noel Acciari wins face-off versus Eric Staal in Jets zone.
1:37 of 3rd period - Snap shot by Jimmy Hayes.
1:37 of 3rd period - Stopped by Jonathan Bernier with a rebound.
2:46 of 3rd period - Jaccob Slavin is hit by Brad Marchand and loses puck.
2:59 of 3rd period - Penalty to Jacob Trouba is over, Jacob Trouba is back on ice.
3:03 of 3rd period - Slapshot by Jared Spurgeon.
3:03 of 3rd period - Stopped by Henrik Lundqvist without a rebound.
3:04 of 3rd period - Anders Lee wins face-off versus Derek Stepan in Flames zone.
3:29 of 3rd period - Christian Folin is hit by Nino Niederreiter and loses puck.
4:07 of 3rd period - Jacob Trouba is hit by Kyle Palmieri and loses puck.
4:25 of 3rd period - Off-side.
4:26 of 3rd period - Eric Staal wins face-off versus Ryan Johansen in neutral zone.
4:29 of 3rd period - Wrist shot by David Backes.
4:29 of 3rd period - Stopped by Jonathan Bernier with a rebound.
4:37 of 3rd period - Snap shot by Nino Niederreiter.
4:37 of 3rd period - Stopped by Henrik Lundqvist without a rebound.
4:38 of 3rd period - Patrik Berglund wins face-off versus Derek Stepan in Flames zone.
4:52 of 3rd period - Minor Penalty to Derek Stepan for Delaying the game.
4:53 of 3rd period - Eric Staal wins face-off versus Noel Acciari in Jets zone.
5:09 of 3rd period - Snap shot by Alexander Radulov.
5:09 of 3rd period - Stopped by Jonathan Bernier with a rebound.
6:52 of 3rd period - Penalty to Derek Stepan is over, Derek Stepan is back on ice.
7:09 of 3rd period - Snap shot by Derek Stepan.
7:09 of 3rd period - Shot Misses the Net.
7:38 of 3rd period - Off-side.
7:39 of 3rd period - Sam Gagner wins face-off versus Anders Lee in neutral zone.
7:42 of 3rd period - Slapshot by Marco Scandella.
7:42 of 3rd period - Deflect By Kevin Hayes.
7:42 of 3rd period - Shot Blocked by Colby Robak.
7:42 of 3rd period - Puck is out of play.
7:43 of 3rd period - Anders Lee wins face-off versus Sam Gagner in Flames zone.
8:00 of 3rd period - Snap shot by Sam Gagner.
8:00 of 3rd period - Stopped by Henrik Lundqvist with a rebound.
8:06 of 3rd period - Slapshot by Marco Scandella.
8:06 of 3rd period - Stopped by Henrik Lundqvist with a rebound.
8:36 of 3rd period - Snap shot by Sam Gagner.
8:36 of 3rd period - Stopped by Henrik Lundqvist with a rebound.
8:38 of 3rd period - Slapshot by Marco Scandella.
8:38 of 3rd period - Shot Blocked by Steve Regier.
8:40 of 3rd period - Snap shot by Kevin Hayes.
8:40 of 3rd period - Deflect By Sam Gagner.
8:40 of 3rd period - Stopped by Henrik Lundqvist without a rebound.
8:41 of 3rd period - Ryan Johansen wins face-off versus Eric Staal in Flames zone.
8:42 of 3rd period - Wrist shot by Nino Niederreiter.
8:42 of 3rd period - Shot Misses the Net.
8:44 of 3rd period - Minor Penalty to Eric Staal for Elbowing.
8:45 of 3rd period - Vladimir Sobotka wins face-off versus Ryan Johansen in Flames zone.
9:12 of 3rd period - Tyler Myers is hit by Vladimir Sobotka and loses puck.
9:36 of 3rd period - Icing by Tyler Myers.
9:37 of 3rd period - Ryan Johansen wins face-off versus Vladimir Sobotka in Jets zone.
10:12 of 3rd period - Snap shot by Vladimir Sobotka.
10:12 of 3rd period - Shot Misses the Net.
10:16 of 3rd period - Wrist shot by Vladimir Sobotka.
10:16 of 3rd period - Shot Blocked by Jared Spurgeon.
10:44 of 3rd period - Penalty to Eric Staal is over, Eric Staal is back on ice.
11:17 of 3rd period - Sam Gagner is hit by David Backes and loses puck.
11:42 of 3rd period - Minor Penalty to Derek Stepan for Slashing.
11:43 of 3rd period - Eric Staal wins face-off versus Noel Acciari in Jets zone.
11:44 of 3rd period - Wrist shot by Alexander Radulov.
11:44 of 3rd period - Deflect By Alexander Semin.
11:44 of 3rd period - Stopped by Jonathan Bernier without a rebound.
11:45 of 3rd period - Noel Acciari wins face-off versus Eric Staal in Jets zone.
12:01 of 3rd period - Off-side.
12:02 of 3rd period - Noel Acciari wins face-off versus Eric Staal in neutral zone.
12:05 of 3rd period - Slapshot by Jacob Trouba.
12:05 of 3rd period - Stopped by Henrik Lundqvist with a rebound.
12:11 of 3rd period - Erik Johnson is hit by Jacob Trouba and loses puck.
12:36 of 3rd period - Snap shot by Patrik Berglund.
12:36 of 3rd period - Goal by Patrik Berglund - Flames : 5 - Jets : 2.
12:37 of 3rd period - Ryan Johansen wins face-off versus Eric Staal in neutral zone.
12:40 of 3rd period - Wrist shot by Marcus Johansson.
12:40 of 3rd period - Shot Blocked by Sami Vatanen.
12:42 of 3rd period - Wrist shot by Ryan Johansen.
12:42 of 3rd period - Goal by Ryan Johansen - Flames : 5 - Jets : 3.
12:43 of 3rd period - Eric Staal wins face-off versus Derek Stepan in neutral zone.
12:54 of 3rd period - Off-side.
12:55 of 3rd period - Eric Staal wins face-off versus Ryan Johansen in neutral zone.
13:56 of 3rd period - Minor Penalty to David Ullstrom for Slashing.
13:57 of 3rd period - Ryan Johansen wins face-off versus Vladimir Sobotka in Flames zone.
14:03 of 3rd period - Snap shot by Ryan Johansen.
14:03 of 3rd period - Shot Misses the Net.
14:05 of 3rd period - Wrist shot by Marco Scandella.
14:05 of 3rd period - Shot Blocked by Derek Meech.
14:07 of 3rd period - Snap shot by Nino Niederreiter.
14:07 of 3rd period - Shot Misses the Net.
14:09 of 3rd period - Slapshot by Marco Scandella.
14:09 of 3rd period - Shot Blocked by Colby Robak.
14:11 of 3rd period - Slapshot by Marco Scandella.
14:11 of 3rd period - Shot Misses the Net.
14:13 of 3rd period - Snap shot by Nino Niederreiter.
14:13 of 3rd period - Shot Misses the Net.
14:19 of 3rd period - Minor Penalty to Vladimir Sobotka for Holding.
14:20 of 3rd period - Adam Henrique wins face-off versus Eric Staal in Flames zone.
14:27 of 3rd period - Slapshot by Nino Niederreiter.
14:27 of 3rd period - Shot Misses the Net.
14:29 of 3rd period - Slapshot by Marco Scandella.
14:29 of 3rd period - Shot Blocked by Sami Vatanen.
14:31 of 3rd period - Slapshot by Marco Scandella.
14:31 of 3rd period - Deflect By Erik Johnson.
14:31 of 3rd period - Stopped by Henrik Lundqvist without a rebound.
14:32 of 3rd period - Ryan Johansen wins face-off versus Brad Marchand in Flames zone.
14:35 of 3rd period - Snap shot by Adam Henrique.
14:35 of 3rd period - Stopped by Henrik Lundqvist with a rebound.
14:37 of 3rd period - Wrist shot by Nino Niederreiter.
14:37 of 3rd period - Shot Blocked by Erik Johnson.
14:39 of 3rd period - Wrist shot by Ryan Johansen.
14:39 of 3rd period - Stopped by Henrik Lundqvist without a rebound.
14:40 of 3rd period - Brad Marchand wins face-off versus Ryan Johansen in Flames zone.
14:40 of 3rd period - Brad Marchand is hit by Ryan Johansen.
15:04 of 3rd period - Wrist shot by Nino Niederreiter.
15:04 of 3rd period - Shot Misses the Net.
15:06 of 3rd period - Wrist shot by Ryan Johansen.
15:06 of 3rd period - Shot Misses the Net.
15:22 of 3rd period - Slapshot by Ryan Johansen.
15:22 of 3rd period - Goal by Ryan Johansen - Flames : 5 - Jets : 4.
15:23 of 3rd period - Derek Stepan wins face-off versus Brad Marchand in neutral zone.
15:26 of 3rd period - Alexander Semin is hit by Kevin Hayes and loses puck.
16:19 of 3rd period - Penalty to Vladimir Sobotka is over, Vladimir Sobotka is back on ice.
16:38 of 3rd period - Snap shot by Brad Marchand.
16:38 of 3rd period - Deflect By Ryan Strome.
16:38 of 3rd period - Stopped by Jonathan Bernier without a rebound.
16:39 of 3rd period - Patrik Berglund wins face-off versus Derek Stepan in Jets zone.
16:44 of 3rd period - Wrist shot by Alexander Semin.
16:44 of 3rd period - Shot Blocked by Marco Scandella.
16:54 of 3rd period - Alexander Semin is hit by Tyler Myers and loses puck.
17:05 of 3rd period - Christian Folin is hit by Marcus Johansson and loses puck.
17:38 of 3rd period - Slapshot by Alexander Radulov.
17:38 of 3rd period - Stopped by Jonathan Bernier with a rebound.
18:07 of 3rd period - Minor Penalty to Kevin Hayes for Tripping.
18:08 of 3rd period - David Ullstrom wins face-off versus Noel Acciari in Jets zone.
18:14 of 3rd period - Wrist shot by Brad Marchand.
18:14 of 3rd period - Stopped by Jonathan Bernier without a rebound.
18:15 of 3rd period - Noel Acciari wins face-off versus David Ullstrom in Jets zone.
18:15 of 3rd period - Noel Acciari is hit by David Ullstrom.
19:03 of 3rd period - Snap shot by Eric Staal.
19:03 of 3rd period - Goal by Eric Staal - Flames : 6 - Jets : 4.
19:04 of 3rd period - Vladimir Sobotka wins face-off versus Sam Gagner in neutral zone.
19:47 of 3rd period - Slapshot by Tyler Myers.
19:47 of 3rd period - Stopped by Henrik Lundqvist with a rebound.
19:49 of 3rd period - Slapshot by Marco Scandella.
19:49 of 3rd period - Shot Misses the Net.
19:51 of 3rd period - Wrist shot by Nino Niederreiter.
19:51 of 3rd period - Goal by Nino Niederreiter - Flames : 6 - Jets : 5.
19:52 of 3rd period - Derek Stepan wins face-off versus Eric Staal in neutral zone.
19:55 of 3rd period - Eric Staal is hit by Nino Niederreiter and loses puck.
Goals for this period are 2 for Flames vs 3 for Jets.
Shots for this period are 9 for Flames vs 14 for Jets.